 Dungeon Crawl Stone Soup version 0.31-a0-963-ga325b2283a (webtiles) character file.

Game seed: 13635354902877660430

77 sammy202020 the Covered (level 4, -3/40 HPs)
             Began as an Armataur Fighter on Oct 26, 2023.
             Killed by nerve-wracking pain
             ... invoked by an orc priest
              (5 damage)
             ... on level 3 of the Dungeon.
             The game lasted 00:02:41 (1888 turns).

sammy202020 the Covered (Armataur Fighter)          Turns: 1888, Time: 00:02:42

Health: -3/40      AC:  8    Str: 21    XL:     4   Next: 14%
Magic:  4/4        EV:  7    Int: 10    God:
Gold:   125        SH:  4    Dex: 10    Spells: 3/3 levels left

rFire   . . .        a - +1 flail
rCold   . . .        c - +0 buckler
rNeg    . . .        b - +0 scale mail
rPois   .            h - +0 helmet
rElec   .            (no cloak)
rCorr   .            (no gloves)
SInv    .            (no barding)
Will    .....        (no amulet) Stlth
                     (no ring)
HPRegen 0.26/turn    (no ring)
MPRegen 0.09/turn

%: roll
@: no status effects
A: large, rugged brown scales 3, deformed body, armoured tail, roll, long
tongue, awkward tongue
a: no special abilities


You were on level 3 of the Dungeon.
You visited 1 branch of the dungeon, and saw 3 of its levels.

You collected 125 gold pieces.

Inventory:

Hand Weapons
 a - a +1 flail (weapon)
Armour
 b - a +0 scale mail (worn)
 c - a +0 buckler (worn)
 h - a +0 helmet (worn)
Scrolls
 e - 4 scrolls of fear
 f - a scroll of silence
Potions
 d - a potion of might
 g - 2 potions of attraction {unknown}


   Skills:
 * Level 3.2 Fighting
 * Level 2.4 Maces & Flails
 * Level 4.2 Armour
 + Level 0.6 Dodging
 * Level 3.9 Shields


You had 3 spell levels left.
You didn't know any spells.
Your spell library contained the following spells:

 Spells                   Type           Power      Damage    Failure   Level
 Magic Dart               Conj           0%         1d3       77%         1
 Call Imp                 Summ           0%         N/A       88%         2
 Ensorcelled Hibernation  Hex/Ice        0%         N/A       88%         2
 Jinxbite                 Hex            0%         N/A       88%         2
 Mephitic Cloud           Conj/Pois/Air  0%         N/A       98%         3
 Anguish                  Hex/Necr       0%         N/A       100%        4
 Manifold Assault         Tloc           0%         N/A       100%        4
 Dispersal                Tloc           0%         N/A       100%        6
 Disjunction              Tloc           0%         N/A       100%        8


Dungeon Overview and Level Annotations

Branches:
Dungeon (3/15)

Altars:

Shops:
D:1 (


Innate Abilities, Weirdness & Mutations

You are completely covered in rugged brown scales. (AC +3, +7% HP)
Armour fits poorly on your strangely shaped body.
You have a long armoured tail.
You roll when moving toward enemies. (Rampage)
Your long tongue fully drains potion bottles. (2x potion effects)
Your tongue gives you trouble enunciating. (1.5x scroll delay)


Message History

You are too injured to fight recklessly!
You are too injured to fight recklessly!
You are too injured to fight recklessly!
You are too injured to fight recklessly!
You are too injured to fight recklessly!
You are too injured to fight recklessly!
You are too injured to fight recklessly!
You are too injured to fight recklessly!
You are too injured to fight recklessly!
You are too injured to fight recklessly!
You are too injured to fight recklessly!
You are too injured to fight recklessly!
You are too injured to fight recklessly!
The orc priest miscasts a cantrip.
You start resting.
An orc priest is nearby!
The orc priest mumbles some strange prayers to Beogh against you.
Beogh smites you!
* * * LOW HITPOINT WARNING * * *
The orc priest begins to cast a cantrip, but forgets the words!
You hit the orc priest but do no damage.
The orc priest hits you with a +0 club.
* * * LOW HITPOINT WARNING * * *
You sock the orc priest!
The orc priest is heavily wounded.
An orc comes into view. It is wielding a +0 trident.
The orc priest hits you with a +0 club.
* * * LOW HITPOINT WARNING * * *
You closely miss the orc. The orc hits you but does no damage.
You barely miss the orc. You tail-slap the orc!
You kill the orc!
You hit the orc priest but do no damage.
The orc priest is heavily wounded.
You block the orc priest's attack. The orc priest barely misses you.
You barely miss the orc priest.
The orc priest is heavily wounded.
You block the orc's attack.
The orc priest invokes the aid of Beogh against you.
Pain shoots through your body!
You die...

..####.#.#...............#
#.##.........##)....##
#.####.......#.....>.##
#.####................#
#.....................#
#..#####.####.........#
#..#####.# ##.......##
#####...†.##.# ##.....##
#......##.##@#######...##
####.####....oo.##.......##
##.##.####.#####.##.#######
#..........# #.##.#
......#.##.# #....#
...........# #.####
........##.#####.#
#....#####..†....#
##.#.#####.#######


You could see an orc priest and an orc.

Vanquished Creatures
  3 adders (D:2)
  A dart slug (D:1)
  An orc (D:3)
  3 ball pythons (D:1)
  4 endoplasms
  7 giant cockroaches
  3 goblins
  4 hobgoblins
  7 bats
  4 frilled lizards
  6 kobolds
  A rat (D:1)
44 creatures vanquished.

Notes
Turn   | Place    | Note
-------+----------+-------------------------------------------
     0 | D:1      | sammy202020 the Armataur Fighter began the quest for the
                  | Orb.
     0 | D:1      | Reached XP level 1. HP: 19/19 MP: 1/1
   220 | D:1      | Reached XP level 2. HP: 25/26 MP: 2/2
   309 | D:1      | Found Moiqeofrot's Weapon Shoppe.
   584 | D:1      | Reached skill level 4 in Armour
   650 | D:1      | Reached XP level 3. HP: 33/33 MP: 3/3
  1458 | D:2      | Reached XP level 4. HP: 40/40 MP: 4/4
  1884 | D:3      | HP: 1/40 [orc priest/+0 club (4)]
  1888 | D:3      | Killed from afar by an orc priest

Illustrated notes

Levels and vault maps discovered:
D:1:      psy_arrival_radial01, layout_basic, serial_shops, shop,
          wad_floor_pattern_untrapped
D:2:      layout_basic, nicolae_half_adder
D:3:      layout_loops_cross, roderic_roman_lattice, minmay_misc_feat_ornament,
          guppyfry_early_lair_pool, uniq_natasha

Skill      XL: |  1  2 |
---------------+-------+-----
Maces & Flails | 2 |  2.4
Armour         | 4 |  4.2
Fighting       | 3 |  3.2
Dodging        | |  0.6
Shields        | |  3.9

Action                     |  1- 3 |  4- 6 || total
---------------------------+-------+-------++-------
  Melee: Flail             |   121 |    27 ||   148
         Tailslap          |     7 |     4 ||    11
    Use: Scroll            |     5 |     2 ||     7
 Armour: Scale mail        |   106 |    18 ||   124
  Dodge: Dodged            |    54 |    10 ||    64
  Block: Buckler           |    24 |     5 ||    29

Table legend: (Time is in decaauts)
 A = Elapsed time spent in this place.
 B = Non-inter-level travel time spent in this place.
 C = Inter-level travel time spent in this place.
 D = Time resting spent in this place.
 E = Time spent auto-exploring this place.
 F = Levels seen in this place.
 G = Mean time per level.
                   A        B        C        D        E       F      G
               +--------+--------+--------+--------+--------+-----+--------+
         Total |   1939 |   1909 |     30 |    203 |   1313 |   3 |  646.3 |
       Dungeon |   1939 |   1909 |     30 |    203 |   1313 |   3 |  646.3 |
               +--------+--------+--------+--------+--------+-----+--------+

Top non-repeatable levels by time:
     D:1: 990 daAuts
     D:2: 739 daAuts
     D:3: 210 daAuts
